 Dungeon Crawl Stone Soup version 0.29-a0-378-gc08b2e8bf8 (webtiles) character file.

Game seed: 1207151122041427150

105 zeratav the Skirmisher (level 5, -5/35 HPs)
             Began as a Kobold Gladiator on May 4, 2022.
             Killed by nerve-wracking pain
             ... invoked by an orc priest
              (14 damage)
             ... on level 3 of the Dungeon.
             The game lasted 00:02:23 (2151 turns).

zeratav the Skirmisher (Kobold Gladiator)           Turns: 2151, Time: 00:02:24

Health: -5/35      AC:  4    Str: 12    XL:     5   Next: 8%
Magic:  5/5        EV: 19    Int:  9    God:
Gold:   145        SH:  0    Dex: 18    Spells: 4/4 levels left

rFire   . . .      SeeInvis .   a - +0 rapier {short}
rCold   . . .      Faith    .   (no shield)
rNeg    . . .      Spirit   .   b - +0 leather armour
rPois   .          Reflect  .   c - +0 helmet
rElec   .          Harm     .   (no cloak)
rCorr   .          Rampage  .   (no gloves)
Will    .....                   (no boots)
Stlth   +++.......              (no amulet)
HPRegen 0.11/turn               l - +4 ring of evasion
MPRegen 0.09/turn               (no ring)

@: no status effects
A: small, no large weapons, nightstalker 3
a: no special abilities


You were on level 3 of the Dungeon.
You visited 1 branch of the dungeon, and saw 3 of its levels.

You collected 145 gold pieces.


Innate Abilities, Weirdness & Mutations

You are small and have problems with some larger weapons.
You are completely attuned to the shadows.


   Skills:
 - Level 5.0 Fighting
 - Level 4.0 Short Blades
 - Level 2.1 Throwing
 - Level 3.6 Dodging
 + Level 2.2 Stealth


You had 4 spell levels left.
You didn't know any spells.
Your spell library contained the following spells:

 Spells                   Type           Power      Damage    Failure   Level
 Summon Ice Beast         Ice/Summ       0%         N/A       99%         4
 Summon Mana Viper        Hex/Summ       0%         N/A       100%        5
 Monstrous Menagerie      Summ           0%         N/A       100%        7

Inventory:

Hand Weapons
 a - a +0 rapier (weapon) {short}
Missiles
 d - 3 throwing nets (quivered) {=fthrowing}
 e - 2 boomerangs {throwing}
 m - 2 silver boomerangs {throwing}
Armour
 b - a +0 leather armour (worn)
 c - a +0 helmet (worn)
 h - a +0 ring mail
   (You took it off an orc on level 3 of the Dungeon)
 n - a +0 ring mail
   (You took it off an orc on level 3 of the Dungeon)
 r - a +0 robe
   (You took it off an orc wizard on level 3 of the Dungeon)
Jewellery
 l - a +4 ring of evasion (left hand)
   (You found it on level 1 of the Dungeon)
Scrolls
 f - a scroll of summoning {unknown}
 g - a scroll of enchant armour {unknown}
 i - a scroll of blinking {unknown}
 o - 3 scrolls of identify {unknown}
 p - a scroll of fog {unknown}
Potions
 j - 2 potions of degeneration {unknown}
 k - a potion of invisibility {unknown}
 q - 2 potions of lignification {unknown}

Dungeon Overview and Level Annotations

Branches:
Dungeon (3/15)

Altars:
Xom

.# .. #.#.. # ...# #
#..# # #..# #. ##.@#
##.###########.oo#
##.....##......oK##
#####.....##.#.#oS#
.......)..........#
####..........#...### ##
###.................#...
...........##.#.........
#...##..... #....o....


You could see an orc priest, 3 orcs, a ball python and a kobold.


Message History

The kobold shouts!
You hit the kobold.
You kill the kobold!
No target in view!
No target in view!
No target in view!
No target in view!
No target in view!
No target in view!
No target in view!
No target in view!
No target in view!
No target in view!
No target in view!
No target in view!
No target in view!
No target in view!
A rat comes into view.
A rat is nearby!
You hit the rat but do no damage. The rat barely misses you.
You hit the rat but do no damage. The rat misses you.
You hit the rat.
You kill the rat!
No target in view!
No target in view!
No target in view!
No target in view!
No target in view!
No target in view!
No target in view!
No target in view!
No target in view!
No target in view!
No target in view!
No target in view!
No target in view!
No target in view!
An orc comes into view. It is wielding a +0 dagger.
The orc shouts!
You hear a shout! x3
An orc comes into view. It is wielding a +0 dagger.
You hear a shout!
You hear an angry hiss.
There are monsters nearby!
An orc priest and a kobold come into view.
The orc priest shouts!
You closely miss the orc.
A ball python comes into view.
The orc misses you.
You closely miss the orc. The orc hits you but does no damage. x2
You hit the orc.
The orc priest calls down the wrath of Beogh upon you.
Beogh smites you! The orc barely misses you.
An orc comes into view. It is wielding a +0 flail.
You are too injured to fight recklessly!
You are too injured to fight recklessly!
HP[-13]
You take 13 damage, and now have 22/35 hp.
MASSIVE DAMAGE!! (PAUSE)
You are too injured to fight recklessly!
You are too injured to fight recklessly!
You are too injured to fight recklessly!
You are too injured to fight recklessly!
You are too injured to fight recklessly!
You are too injured to fight recklessly!
You are too injured to fight recklessly!
You are too injured to fight recklessly!
You are too injured to fight recklessly!
You are too injured to fight recklessly!
You are too injured to fight recklessly!
You are too injured to fight recklessly!
You are too injured to fight recklessly!
You are too injured to fight recklessly!
You are too injured to fight recklessly!
You are too injured to fight recklessly!
You are too injured to fight recklessly!
You are too injured to fight recklessly!
You are too injured to fight recklessly!
Unknown command.
The orc attacks as you move away! The orc hits you with a +0 dagger.
HP[-4]
You take 4 damage, and now have 18/35 hp.
The kobold attacks as you move away! The kobold hits you but does no damage.
The orc attacks as you move away! The orc hits you but does no damage.
The orc attacks as you move away! The orc completely misses you.
The orc attacks as you move away! The orc hits you with a +0 dagger.
* * * LOW HITPOINT WARNING * * *
The orc attacks as you move away! The orc hits you but does no damage.
HP[-4]
You take 4 damage, and now have 14/35 hp.
HP[+1]
You hit the orc. The orc hits you with a +0 dagger.
* * * LOW HITPOINT WARNING * * *
HP[-3]
You take 3 damage, and now have 12/35 hp.
You hit the orc but do no damage. The orc hits you but does no damage.
The orc priest looks satisfied for a moment.
You hit the orc but do no damage. The orc hits you with a +0 dagger.
* * * LOW HITPOINT WARNING * * *
The orc priest calls down the wrath of Beogh upon you.
Pain shoots through your body!
You die...

Skill      XL: |  1  2  3  4  5 |
---------------+----------------+-----
Fighting       | 3 4 5 |  5.0
Stealth        | 1 2 |  2.2
Short Blades   | |  4.0
Throwing       | |  2.1
Dodging        | |  3.6

Action                   |  1- 3 |  4- 6 || total
-------------------------+-------+-------++-------
Melee: Rapier            |    71 |    42 ||   113
       Punch             |       |     1 ||     1
 Stab: Sleeping          |    10 |       ||    10
Armor: Leather armour    |     3 |    10 ||    13
Dodge: Dodged            |    56 |    32 ||    88

Levels and vault maps discovered:
D:1:      amcnicky_arrival_wind_blow, layout_basic, dreamdust_princess_bridge
D:2:      layout_basic, basic_altar
D:3:      layout_rooms, zin_statuary, palyth_stone_intersect,
          minmay_increasing_density

Notes
Turn   | Place    | Note
-------+----------+-------------------------------------------
     0 | D:1      | zeratav the Kobold Gladiator began the quest for the Orb.
     0 | D:1      | Reached XP level 1. HP: 12/12 MP: 1/1
     0 | D:1      | magus.rc [v1.9.6]
   265 | D:1      | Reached XP level 2. HP: 18/18 MP: 2/2
   287 | D:1      | Reached skill level 3 in Fighting
   818 | D:2      | Reached XP level 3. HP: 14/24 MP: 3/3
   965 | D:2      | Found a shimmering altar of Xom.
  1087 | D:2      | Reached skill level 4 in Fighting
  1870 | D:3      | Reached XP level 4. HP: 27/30 MP: 4/4
  1873 | D:3      | Reached skill level 5 in Fighting
  1873 | D:3      | Reached skill level 1 in Stealth
  1889 | D:3      | Reached XP level 5. HP: 27/35 MP: 5/5
  1973 | D:3      | Reached skill level 2 in Stealth
  2094 | D:3      | You pick up a book of Beasts and begin reading...
  2094 | D:3      | You add the spells Summon Ice Beast, Summon Mana Viper and
                  | Monstrous Menagerie to your library.
  2151 | D:3      | Killed from afar by an orc priest

Vanquished Creatures
  An orc priest (D:3)
  An orc wizard (D:3)
  An adder (D:2)
  A worm (D:2)
  2 dart slugs
  5 orcs (D:3)
  3 bats (D:2)
  3 endoplasms
  2 giant cockroaches
  A hobgoblin (D:3)
  2 quokkas (D:1)
  A frilled lizard (D:3)
  5 kobolds
  5 rats
33 creatures vanquished.

Table legend:
 A = Non-vault XP
 B = Vault XP
 C = Vault XP percentage of total XP
 D = Non-vault monster count
 E = Vault monster count
 F = Vault count percentage of total count
                 A         B        C        D         E       F
            +---------+---------+-------+---------+---------+-------
      Total |     150 |       0 |   0.0 |      33 |       0 |   0.0
            +---------+---------+-------+---------+---------+-------
        D:1 |      22 |       0 |   0.0 |      12 |       0 |   0.0
        D:2 |      29 |       0 |   0.0 |       9 |       0 |   0.0
        D:3 |      99 |       0 |   0.0 |      12 |       0 |   0.0
            +---------+---------+-------+---------+---------+-------

Illustrated notes

Table legend:
 A = Kills in this place as a percentage of kills in entire the game.
 B = Kills by you in this place as a percentage of kills by you in the entire game.
 C = Kills by friends in this place as a percentage of kills by friends in the entire game.
 D = Other kills in this place as a percentage of other kills in the entire game.
 E = Experience gained in this place as a percentage of experience gained in the entire game.
 F = Experience gained in this place divided by the number of levels of this place that you have seen.
                   A       B       C       D       E      F
               +-------+-------+-------+-------+-------+----------------------
         Total | 100.0 | 100.0 |   N/A |   N/A | 100.0 |  50.0
       Dungeon | 100.0 | 100.0 |   N/A |   N/A | 100.0 |  50.0
               +-------+-------+-------+-------+-------+----------------------

Table legend: (Time is in decaauts)
 A = Elapsed time spent in this place.
 B = Non-inter-level travel time spent in this place.
 C = Inter-level travel time spent in this place.
 D = Time resting spent in this place.
 E = Time spent auto-exploring this place.
 F = Levels seen in this place.
 G = Mean time per level.
                   A        B        C        D        E       F      G
               +--------+--------+--------+--------+--------+-----+--------+
         Total |   2149 |   2083 |     66 |    434 |   1391 |   3 |  716.3 |
       Dungeon |   2149 |   2083 |     66 |    434 |   1391 |   3 |  716.3 |
               +--------+--------+--------+--------+--------+-----+--------+

Top non-repeatable levels by time:
     D:2: 846 daAuts
     D:1: 721 daAuts
     D:3: 581 daAuts
